Map: Turbo Cruise '84 LE

Players

TiPtOP - Winner!

  • Race: Terran Terran
  • League: Silver
  • Spawn Location: 3:00

VOD

Have the link to the VOD?

Description

Time

  • Played on: Aug. 14, 2019, 8:40 a.m.
  • Length: 17:35
Show
View Real Time Build Order
Export as new Build Order

TiPtOP Terran - Winner!

Build Orders:  

Get SALT Encoding   

  12  0:01  SCV  
  13  0:18  SCV  
  14  0:25  Supply Depot  
  14  0:35  SCV  
  15  0:55  SCV  
  15  0:58  Barracks  
  16  1:06  Refinery  
  16  1:12  SCV  
  17  1:29  SCV  
  18  1:46  SCV  
  19  1:56  Barracks  
  19  2:07  Supply Depot  
  19  2:09  Barracks Reactor  
  20  2:16  Orbital Command  
  19  2:57  SCV  
  20  3:04  Marine x2  
  22  3:18  Command Center  
  22  3:42  Barracks Tech Lab  
  22  3:59  Supply Depot  
  22  4:03  SCV  
  23  4:17  Marauder, Barracks  
  25  4:22  Stimpack  
  25  4:27  Marine  
  26  4:31  Supply Depot  
  26  4:39  SCV  
  27  5:03  Supply Depot  
  27  5:10  Marine x2  
  27  5:15  Marauder  
  31  5:25  Barracks Reactor  
  31  5:31  Supply Depot  
  31  5:32  SCV  
  31  5:36  SCV  
  33  5:40  Marine  
  33  5:41  Marine  
  33  5:42  Supply Depot  
  35  5:52  SCV  
  35  5:53  SCV  
  37  6:09  Orbital Command  
  37  6:10  SCV  
  37  6:19  Refinery  
  38  6:24  Marine x4  
  38  6:25  Marauder  
  38  6:27  SCV  
  45  6:45  Supply Depot  
  45  6:51  SCV  
  45  6:57  SCV  
  47  7:09  SCV  
  48  7:16  Marine x2, Supply Depot  
  48  7:17  Marine x2, Marauder  
  54  7:20  Unknown  
  54  7:35  Engineering Bay  
  54  7:36  Factory  
  54  7:41  Marine x2  
  54  7:42  Marine, Supply Depot  
  54  7:45  SCV  
  54  7:47  Marauder  
  60  8:02  SCV  
  60  8:14  Bunker  
  60  8:22  Marine  
  60  8:23  Marine x3, Marauder  
  60  8:27  Terran Infantry Weapons Level 1  
  66  8:36  SCV  
  66  8:37  SCV  
  68  8:53  SCV x2, Marine x4  
  68  8:54  Marauder  
  68  8:57  Factory Reactor  
  76  9:02  Starport  
  76  9:08  Barracks  
  76  9:12  Engineering Bay  
  76  9:18  SCV, Marine x3  
  80  9:23  Marauder  
  80  9:25  Refinery  
  82  9:35  SCV  
  83  9:40  Supply Depot  
  83  9:48  Supply Depot  
  83  9:53  Marauder  
  85  10:09  Marine x2  
  87  10:10  Marine x2  
  87  10:12  Supply Depot  
  89  10:21  Supply Depot  
  89  10:22  Factory  
  89  10:23  Marauder  
  89  10:25  Terran Infantry Armor Level 1, Factory Tech Lab  
  91  10:31  SCV  
  92  10:42  Marine x3  
  92  10:43  Marine  
  92  10:46  Medivac  
  92  10:47  Medivac  
  92  10:48  SCV  
  101  10:53  Marauder  
  101  10:56  Siege Tank  
  106  11:08  Marine  
  106  11:09  Marine x3  
  110  11:15  SCV  
  110  11:17  SCV  
  112  11:30  Supply Depot  
  112  11:32  SCV  
  112  11:35  Supply Depot  
  113  11:45  Medivac x2  
  117  12:01  Supply Depot  
  117  12:08  Supply Depot  
  117  12:10  Barracks Reactor  
  117  12:27  Command Center  
  117  12:28  Marine x5  
  117  12:29  Factory Tech Lab  
  122  12:34  Medivac, Supply Depot  
  124  12:53  Marine x2, Marauder  
  124  12:55  Siege Tank  
  128  13:05  Siege Tank  
  128  13:12  Siege Tank  
  128  13:13  Siege Tank  
  128  13:16  Refinery  
  134  13:23  Marauder  
  116  13:45  Siege Tank  
  107  15:29  Marine x2  
  109  15:30  Marine x5  
  109  15:33  Siege Tank x2  
  109  15:35  Medivac x2  
  124  15:50  Armory  
  124  15:55  Marauder  
  126  16:16  Medivac  
  126  16:17  Medivac  
  126  16:18  Siege Tank x2  
  136  16:25  Siege Tank, Marauder  
  136  16:26  Siege Tank  
  138  16:55  Marauder  
Tags
 
Add a new tag
Caveats
  • Supply blocks, unpowered buildings, or Contaminate may cause inaccurate times.
  • Supply counts are checked every 10 seconds.